 Dungeon Crawl Stone Soup version 0.31-a0-654-gbe3e110b4e (console) character file.

Game seed: 8278054569128507740

8950 jejorda2 the Cleaver (level 11, -4/89 HPs)
             Began as a Gnoll Berserker on Aug 29, 2023.
             Was an Elder of Trog.
             Slain by an orange demon (8 damage)
             ... led by Amaemon
             ... on level 9 of the Dungeon.
             The game lasted 00:26:34 (7789 turns).

jejorda2 the Cleaver (Gnoll Berserker)              Turns: 7789, Time: 00:26:35

Health: -4/89      AC: 22    Str: 21    XL:     11   Next: 38%
Magic:  20/20      EV:  9    Int:  7    God:    Trog [****..]
Gold:   449        SH:  0    Dex: 11    Spells: 22/22 levels left

rFire   + . .        a - +0 battleaxe
rCold   . . .        (shield currently unavailable)
rNeg    . . .        I - +0 plate armour
rPois   .            w - +0 helmet
rElec   .            (no cloak)
rCorr   .            (no gloves)
SInv    .            B - +2 pair of boots
Will    ++...        q - amulet of regeneration Stlth
                     v - +4 ring of protection
HPRegen 2.14/turn    z - ring of protection from fire
MPRegen 0.17/turn

%: no passive effects
@: lethally poisoned (-4 -> -15), strong-willed (expiring), on berserk cooldown,
regenerating (expiring), slowed, very slow
A: fangs 1, strong nose, distributed training
a: Renounce Religion, Berserk, Trog's Hand, Brothers in Arms


You were on level 9 of the Dungeon.
You worshipped Trog.
Trog was greatly pleased with you.
You visited 1 branch of the dungeon, and saw 9 of its levels.
You also visited: Bailey.

You collected 504 gold pieces.
You spent 55 gold pieces at shops.

Inventory:

Hand Weapons
 a - a +0 battleaxe (weapon)
 b - the +6 whip of Defiance {freeze, Dex+3}
   (You found it on level 2 of the Dungeon)

   Dex+3:     It affects your dexterity (+3).
 g - a +0 broad axe
Missiles
 l - 2 throwing nets
 n - 15 poisoned darts
 s - 12 boomerangs
 C - 6 curare-tipped darts
 D - 2 javelins
Armour
 h - a +0 kite shield
 w - a +0 helmet (worn)
 B - a +2 pair of boots (worn)
 I - a +0 plate armour (worn)
Jewellery
 i - a ring of positive energy
 q - an amulet of regeneration (around neck)
 v - a +4 ring of protection (left hand)
 z - a ring of protection from fire (right hand)
Wands
 c - a wand of digging (7)
 d - a wand of flame (6)
 x - a wand of paralysis (4)
 F - a wand of roots (7)
Scrolls
 r - a scroll of immolation
 u - 3 scrolls of teleportation
 y - 2 scrolls of blinking
 A - 3 scrolls of fear
 J - a scroll of fog
Potions
 e - 2 potions of might
 f - 7 potions of curing
 j - a potion of resistance {unknown}
 k - a potion of magic {unknown}
 m - 2 potions of mutation
 o - 2 potions of heal wounds
 p - 3 potions of cancellation
 t - 2 potions of attraction {unknown}
 E - 2 potions of enlightenment {unknown}
 K - a potion of haste {unknown}
 L - a potion of invisibility {unknown}


   Skills:
 + Level 9.2 Fighting
 + Level 6.3 Short Blades
 + Level 6.3 Long Blades
 + Level 9.2 Axes
 + Level 6.3 Maces & Flails
 + Level 6.3 Polearms
 + Level 6.3 Staves
 + Level 6.3 Ranged Weapons
 + Level 6.3 Throwing
 + Level 7.9 Armour
 + Level 7.9 Dodging
 + Level 6.3 Stealth
 + Level 6.3 Shields
 + Level 6.3 Unarmed Combat
 + Level 6.3 Spellcasting
 + Level 5.2 Conjurations
 + Level 5.2 Hexes
 + Level 5.2 Summonings
 + Level 5.2 Necromancy
 + Level 5.2 Translocations
 + Level 5.2 Transmutations
 + Level 5.2 Fire Magic
 + Level 5.2 Ice Magic
 + Level 5.2 Air Magic
 + Level 5.2 Earth Magic
 + Level 5.2 Poison Magic
 + Level 7.0 Invocations
 + Level 6.3 Evocations
 + Level 5.8 Shapeshifting


You had 22 spell levels left.
You didn't know any spells.
Your spell library was empty.

Dungeon Overview and Level Annotations

Branches:
Dungeon (9/15)             Temple (0/1) D:6          Bailey (visited)
   Lair: D:8-11         Orc: D:9-12

Altars:
Ashenzari
Cheibriados
Dithmenos
Fedhas
Gozag
Kikubaaqudgha
Okawaru
Trog
Wu Jian
Xom
The Shining One

Shops:
D:6 ?

Annotations:
D:4 Blork the orc
D:9 2 transporters, bahustanut's ghost, novice DsSh


Innate Abilities, Weirdness & Mutations

You have very sharp teeth.
Your uncanny sense of smell can sniff out nearby items.
Your experience applies equally to all skills.


Message History

Amaemon claws you. Amaemon tail-slaps you.
You are more poisoned.
Amaemon poisons you!
Unknown command.
You closely miss Amaemon.
Amaemon is severely wounded.
You closely miss the orange demon. You slice the scorpion!!
You kill the scorpion!
The scorpion's corpse disappears in a puff of smoke!
You closely miss the scorpion.
You feel extremely sick. The scorpion barely misses you.
The orange demon stings you.
You are more poisoned.
You have difficulty breathing.
You feel as though you will be slow longer.
The orange demon closely misses you. Amaemon hits you but does no damage.
You are more poisoned.
Amaemon claws you but does no damage. Amaemon closely misses you.
The scorpion barely misses you.
Unknown command.
You slice Amaemon!!
You kill Amaemon!
Trog accepts your kill.
Trog appreciates your killing of a magic user.
The scorpion disappears in a puff of smoke!
You slash the orange demon!
You are no longer berserk.
You are exhausted.
You feel as though you will be slow longer.
* * * LOW HITPOINT WARNING * * *
You feel extremely sick. The orange demon barely misses you.
The orange demon closely misses you.
Your Invocations skill increases to level 7!
You barely miss the orange demon.
You bite the orange demon, but do no damage.
The orange demon is almost dead.
* * * LOW HITPOINT WARNING * * *
You feel extremely sick.
The orange demon closely misses you. x2; The orange demon stings you!
You die...

######.# *,,,,,,,,,,,,,,,****
,,,,,#.# #.........,,,,,,,,,,
,,,,∆#.# #........,,,,,,,,,,,
,,,,,#.#######.......#****,,*****
+#####...............# *,,*,,,,
.....................# *,,*,,,,
.....................# *,,*,,,,
.................4...# *,,*,,,,
................@....# *,,*,,,,
......©.........)§...#****,,****,
#############..##.......,,,,,,,**
####yyWy)#####..####....,,,,,,,,,
#.#.#yy.#yyy###....#,...,,,,,,,,,
.?#..###..#yy##....+,,..,,,,,,,,,
#...#,,.#..y###....#,,,.,,,*****+
*###.,*..###*#.....#,,,,,,,+,,,,,
#y#.#.,y#...###....#,,,,,,,*,,,,,


You could see an orange demon (curare), a queen bee, a hornet and 2 killer bees.

Vanquished Creatures
  2 vault guards (Bailey)
  Amaemon (D:9)
  Jeremiah (D:6)
  Psyche (D:9)
  Maggie (D:9)
  A tengu conjurer (D:8)
  Prince Ribbit (Bailey)
  6 humans (Bailey)
  A wyvern (D:7)
  6 yaks (D:9)
  A wraith (D:8)
  2 steam dragons
  A water moccasin (D:8)
  An acid dragon (D:8)
  An orc warrior (D:8)
  2 ice beasts
  3 ogres
  4 centaurs
  A phantom (D:5)
  2 kobold brigands
  A gnoll sergeant (D:7)
  13 bullfrogs
  3 scorpions
  9 killer bees
  A howler monkey (D:9)
  A hound (D:5)
  7 orc priests
  A gnoll bouda (D:8)
  3 iguanas (D:6)
  A sleepcap (D:5)
  10 orc wizards
  5 adders
  11 gnolls
  A shadow imp (D:7)
  A white imp (D:7)
  2 worms
  4 dart slugs
  29 orcs
  5 endoplasms
  5 giant cockroaches
  17 goblins
  8 hobgoblins
  5 quokkas
  6 ball pythons
  3 bats
  3 frilled lizards
  22 kobolds
  3 rats
219 creatures vanquished.

Vanquished Creatures (others)
  A water moccasin (D:7)
1 creature vanquished.

Grand Total: 220 creatures vanquished

Notes
Turn   | Place    | Note
-------+----------+-------------------------------------------
     0 | D:1      | jejorda2 the Gnoll Berserker began the quest for the Orb.
     0 | D:1      | Reached XP level 1. HP: 23/23 MP: 1/1
   148 | D:1      | Reached XP level 2. HP: 24/29 MP: 2/2
   835 | D:2      | Reached XP level 3. HP: 33/35 MP: 2/4
   942 | D:2      | Reached skill level 1 in Invocations
   998 | D:2      | Reached ** piety under Trog
  1020 | D:2      | Reached skill level 1 in Short Blades
  1020 | D:2      | Reached skill level 1 in Long Blades
  1020 | D:2      | Reached skill level 1 in Maces & Flails
  1020 | D:2      | Reached skill level 1 in Polearms
  1020 | D:2      | Reached skill level 1 in Staves
  1020 | D:2      | Reached skill level 1 in Ranged Weapons
  1020 | D:2      | Reached skill level 1 in Throwing
  1020 | D:2      | Reached skill level 1 in Stealth
  1020 | D:2      | Reached skill level 1 in Shields
  1020 | D:2      | Reached skill level 1 in Unarmed Combat
  1020 | D:2      | Reached skill level 1 in Spellcasting
  1020 | D:2      | Reached skill level 1 in Evocations
  1022 | D:2      | Reached skill level 1 in Shapeshifting
  1022 | D:2      | Reached XP level 4. HP: 41/41 MP: 5/5
  1032 | D:2      | Reached skill level 1 in Conjurations
  1032 | D:2      | Reached skill level 1 in Hexes
  1032 | D:2      | Reached skill level 1 in Summonings
  1032 | D:2      | Reached skill level 1 in Necromancy
  1032 | D:2      | Reached skill level 1 in Translocations
  1032 | D:2      | Reached skill level 1 in Transmutations
  1032 | D:2      | Reached skill level 1 in Fire Magic
  1032 | D:2      | Reached skill level 1 in Ice Magic
  1032 | D:2      | Reached skill level 1 in Air Magic
  1032 | D:2      | Reached skill level 1 in Earth Magic
  1032 | D:2      | Reached skill level 1 in Poison Magic
  1036 | D:2      | Reached XP level 5. HP: 8/47 MP: 5/7
  1192 | D:2      | Identified the +6 whip of Defiance {freeze, Dex+3}
  1787 | D:3      | Reached XP level 6. HP: 28/53 MP: 8/8
  1993 | D:3      | Found a snail-covered altar of Cheibriados.
  2126 | D:3      | Reached skill level 5 in Armour
  2126 | D:3      | Reached skill level 5 in Dodging
  2352 | D:3      | Reached *** piety under Trog
  2560 | D:4      | Found a shimmering altar of Xom.
  2560 | D:4      | Found a shimmering altar of Xom.
  2561 | D:4      | Found a shimmering altar of Xom.
  2568 | D:4      | Found a shimmering altar of Xom.
  2568 | D:4      | Found a shimmering altar of Xom.
  2780 | D:4      | Reached XP level 7. HP: 60/60 MP: 10/10
  3072 | D:4      | Noticed Blork the orc
  3253 | D:4      | Found a glowing golden altar of the Shining One.
  3376 | D:5      | Entered Level 5 of the Dungeon
  3480 | D:5      | Reached XP level 8. HP: 58/67 MP: 12/12
  4491 | D:6      | Found Japlutueb's Magic Scroll Emporium.
  4500 | D:6      | Bought a scroll of identify for 22 gold pieces
  4500 | D:6      | Bought a scroll of teleportation for 33 gold pieces
  4562 | D:6      | Found an opulent altar of Gozag.
  4650 | D:6      | Found an ornate altar of the Wu Jian Council.
  4797 | D:6      | Reached **** piety under Trog
  4809 | D:6      | Found a shadowy altar of Dithmenos.
  4882 | D:6      | Noticed Jeremiah
  4898 | D:6      | Killed Jeremiah
  4899 | D:6      | Reached XP level 9. HP: 61/73 MP: 13/15
  5065 | D:6      | Found a staircase to the Ecumenical Temple.
  5110 | D:6      | Found a broken altar of Ashenzari.
  5401 | D:7      | Found a blossoming altar of Fedhas.
  5588 | D:7      | Found an ancient bone altar of Kikubaaqudgha.
  5818 | D:7      | Found a bloodstained altar of Trog.
  6199 | D:8      | Reached skill level 5 in Invocations
  6282 | D:8      | Found a flagged portal.
  6319 | Bailey   | Entered a bailey
  6379 | Bailey   | Reached XP level 10. HP: 79/80 MP: 17/17
  6418 | Bailey   | Reached skill level 5 in Short Blades
  6418 | Bailey   | Reached skill level 5 in Long Blades
  6418 | Bailey   | Reached skill level 5 in Maces & Flails
  6418 | Bailey   | Reached skill level 5 in Polearms
  6418 | Bailey   | Reached skill level 5 in Staves
  6418 | Bailey   | Reached skill level 5 in Ranged Weapons
  6418 | Bailey   | Reached skill level 5 in Throwing
  6418 | Bailey   | Reached skill level 5 in Stealth
  6418 | Bailey   | Reached skill level 5 in Shields
  6418 | Bailey   | Reached skill level 5 in Unarmed Combat
  6418 | Bailey   | Reached skill level 5 in Spellcasting
  6418 | Bailey   | Reached skill level 5 in Evocations
  6496 | Bailey   | Noticed Prince Ribbit
  6498 | Bailey   | Noticed a vault guard
  6507 | Bailey   | Killed Prince Ribbit
  6508 | Bailey   | Killed a vault guard
  6509 | Bailey   | Reached skill level 5 in Shapeshifting
  6595 | Bailey   | Noticed a vault guard
  6609 | Bailey   | Killed a vault guard
  6842 | D:8      | Found a runed translucent door.
  7023 | D:8      | Reached XP level 11. HP: 76/87 MP: 19/19
  7055 | D:8      | Found an iron altar of Okawaru.
  7083 | D:8      | Reached skill level 5 in Conjurations
  7083 | D:8      | Reached skill level 5 in Hexes
  7083 | D:8      | Reached skill level 5 in Summonings
  7083 | D:8      | Reached skill level 5 in Necromancy
  7083 | D:8      | Reached skill level 5 in Translocations
  7083 | D:8      | Reached skill level 5 in Transmutations
  7083 | D:8      | Reached skill level 5 in Fire Magic
  7083 | D:8      | Reached skill level 5 in Ice Magic
  7083 | D:8      | Reached skill level 5 in Air Magic
  7083 | D:8      | Reached skill level 5 in Earth Magic
  7083 | D:8      | Reached skill level 5 in Poison Magic
  7463 | D:9      | Noticed Maggie
  7474 | D:9      | Killed Maggie
  7643 | D:9      | Found a transporter.
  7645 | D:9      | Found a transporter.
  7646 | D:9      | Noticed bahustanut's ghost (novice DsSh)
  7689 | D:9      | Noticed Psyche
  7723 | D:9      | Killed Psyche
  7776 | D:9      | Noticed Amaemon
  7788 | D:9      | Killed Amaemon
  7789 | D:9      | HP: 4/89 [poisoned by Amaemon]
  7789 | D:9      | Slain by an orange demon

Illustrated notes

Levels and vault maps discovered:
D:1:      minmay_arrival_hallway, layout_loops_ring
D:2:      cheibrodos_pilgrimage, layout_basic, amcnicky_mini_corridor_feature
D:3:      layout_basic, mainiacjoe_overflow_boulevard, skrybe_limestone_x
D:4:      layout_basic, tgw_sif, mainiacjoe_overflow_surrounded_room,
          xom_redecorated, uniq_blork_the_orc
D:5:      layout_basic
D:6:      layout_gridville, grunt_gozag_breadcrumbs, ashenzari_altar_1,
          nicolae_wu_jian_wuxing_cycle, mainiacjoe_overflow_brackets,
          minmay_temple_entry_enclosed_plants, minmay_shop_grid_forest,
          uniq_jeremiah
D:7:      layout_basic, kiku_gazebo_pond_becter, trog_hazing_becter,
          lemuel_crystal_altar, abandoned_shop, abandoned_shop
D:8:      layout_basic, mainiacjoe_overflow_cross_hatched, enter_bailey_5,
          wad_hexagon
D:9:      layout_irregular_city, gammafunk_ghost_hive, uniq_psyche,
          uniq_amaemon, uniq_maggie

Skill      XL: |  1  2  3  4  5  6  7  8  9 10 11 |
---------------+----------------------------------+-----
Invocations    | 1 2 3 4 5 6 7 |  7.0
Short Blades   | 1 2 4 5 6 |  6.3
Long Blades    | 1 2 4 5 6 |  6.3
Maces & Flails | 1 2 4 5 6 |  6.3
Polearms       | 1 2 4 5 6 |  6.3
Staves         | 1 2 4 5 6 |  6.3
Ranged Weapons | 1 2 4 5 6 |  6.3
Throwing       | 1 2 4 5 6 |  6.3
Stealth        | 1 2 4 5 6 |  6.3
Shields        | 1 2 4 5 6 |  6.3
Unarmed Combat | 1 2 4 5 6 |  6.3
Spellcasting   | 1 2 4 5 6 |  6.3
Evocations     | 1 2 4 5 6 |  6.3
Shapeshifting  | 1 2 3 4 5 |  5.8
Conjurations   | 1 2 3 4 5 |  5.2
Hexes          | 1 2 3 4 5 |  5.2
Summonings     | 1 2 3 4 5 |  5.2
Necromancy     | 1 2 3 4 5 |  5.2
Translocations | 1 2 3 4 5 |  5.2
Transmutations | 1 2 3 4 5 |  5.2
Fire Magic     | 1 2 3 4 5 |  5.2
Ice Magic      | 1 2 3 4 5 |  5.2
Air Magic      | 1 2 3 4 5 |  5.2
Earth Magic    | 1 2 3 4 5 |  5.2
Poison Magic   | 1 2 3 4 5 |  5.2
Armour         | 5 6 7 |  7.9
Dodging        | 5 6 7 |  7.9
Fighting       | 7 8 9 |  9.2
Axes           | 7 8 9 |  9.2

Action                     |  1- 3 |  4- 6 |  7- 9 | 10-12 || total
---------------------------+-------+-------+-------+-------++-------
  Melee: Hand axe          |    93 |    59 |    57 |       ||   209
         Bite              |     5 |     9 |    41 |    22 ||    77
         Whip              |       |    48 |       |       ||    48
         Punch             |       |     1 |     7 |     8 ||    16
         War axe           |       |       |   214 |    46 ||   260
         Broad axe         |       |       |       |    33 ||    33
         Battleaxe         |       |       |       |   145 ||   145
 Invoke: Trog's Hand       |     1 |       |     2 |     3 ||     6
         Berserk           |       |     3 |     5 |     7 ||    15
  Evoke: Wand              |       |       |       |     1 ||     1
    Use: Scroll            |       |       |    16 |     3 ||    19
         Potion            |       |       |       |     1 ||     1
   Stab: Sleeping          |       |     2 |     2 |       ||     4
 Armour: Animal skin       |    16 |     1 |       |       ||    17
         Ring mail         |       |    26 |    19 |       ||    45
         Scale mail        |       |       |   126 |    24 ||   150
         Plate armour      |       |       |       |   201 ||   201
  Dodge: Dodged            |    64 |    41 |   193 |   175 ||   473

Table legend: (Time is in decaauts)
 A = Elapsed time spent in this place.
 B = Non-inter-level travel time spent in this place.
 C = Inter-level travel time spent in this place.
 D = Time resting spent in this place.
 E = Time spent auto-exploring this place.
 F = Levels seen in this place.
 G = Mean time per level.
                   A        B        C        D        E       F      G
               +--------+--------+--------+--------+--------+-----+--------+
         Total |   7972 |   7660 |    312 |    501 |   5211 |  10 |  797.2 |
       Dungeon |   7544 |   7232 |    312 |    432 |   5103 |   9 |  838.2 |
        Bailey |    427 |    427 |      0 |     69 |    108 |   1 |  427.0 |
               +--------+--------+--------+--------+--------+-----+--------+

Top non-repeatable levels by time:
     D:6: 1082 daAuts
     D:8: 966 daAuts
     D:5: 927 daAuts
     D:2: 911 daAuts
     D:3: 898 daAuts
     D:4: 892 daAuts
     D:1: 784 daAuts
     D:7: 712 daAuts
  Bailey: 427 daAuts
     D:9: 368 daAuts
